AoeStats
← m.rionegro

Black Forest

507837100Analyzed
2v2 RM · 13d ago on Sep 19, 2026· 70m 3s· 4 players
Game mode
Random Map
Map size
Medium (4 player)
Population
200
Speed
Normal
Resources
Standard
Victory
Conquest
Starting age
Dark Age
Ending age
Imperial Age
RankedLock teamsTeams togetherTeam positionsShared explorationLock speedFull tech treeHidden civsTurbo modeCheats
Victory
Defeat
🇪🇸 Persians · Spain
905
+11
🇪🇸 Koreans · Spain
714
+17
🇺🇸 Mongols · United States
776
-14
🇩🇪 Gurjaras · Germany
766
-14
copopops
0:41 Loom
23:41 Feudal Age
27:41 Double-Bit Axe
29:59 Horse Collar
33:27 Castle Age
32:56 Wheelbarrow
32:55 Forging
32:35 Fletching
33:58 Scale Barding Armor
34:00 Padded Archer Armor
36:19 Bow Saw
43:38 Caravan
44:57 Wheelbarrow
47:48 Hand Cart
50:39 Imperial Age
48:58 Ballistics
48:34 Murder Holes
48:51 Masonry
49:26 Thumb Ring
49:58 Kshatriyas
50:58 Iron Casting
51:47 Conscription
51:03 Siege Elephant
52:09 Heavy Plow
52:25 Elite Chakram Thrower
54:50 Elite Elephant Archer
55:31 Town Watch
55:57 Bodkin Arrow
56:23 Leather Archer Armor
57:38 Frontier Guards
57:12 Onager
60:18 Chemistry
59:50 Architecture
68:01 Elite Skirmisher
XFREDJRX
1:13 Loom
10:54 Feudal Age
12:14 Wheelbarrow
11:25 Horse Collar
11:35 Double-Bit Axe
24:16 Castle Age
25:19 Hand Cart
26:30 Gold Mining
26:33 Stone Mining
26:39 Fletching
33:54 Bodkin Arrow
34:00 Padded Archer Armor
37:15 Imperial Age
37:04 Scale Mail Armor
37:15 Forging
37:43 Fortified Wall
37:55 Ballistics
38:06 Caravan
38:31 Murder Holes
38:57 Heavy Plow
39:15 Bow Saw
39:42 Siege Engineers
40:12 Conscription
40:13 Drill
40:41 Masonry
42:05 Nomads
41:29 Onager
41:32 Capped Ram
45:43 Siege Onager
45:45 Siege Ram
45:46 Heavy Scorpion
47:03 Town Watch
47:12 Elite Mangudai
48:28 Hoardings
47:55 Town Patrol
48:35 Parthian Tactics
47:33 Elite Skirmisher
48:19 Thumb Ring
51:29 Bloodlines
51:21 Husbandry
50:43 Light Cavalry
50:44 Cavalier
50:45 Heavy Camel Rider
51:52 Leather Archer Armor
51:38 Bracer
52:14 Iron Casting
51:55 Chain Mail Armor
51:47 Scale Barding Armor
54:57 Blast Furnace
54:28 Plate Mail Armor
54:21 Chain Barding Armor
54:12 Guard Tower
55:23 Chemistry
53:53 Heavy Cavalry Archer
54:01 Pikeman
54:42 Squires
54:03 Man-at-Arms
54:12 Hussar
55:49 Fishing Lines
57:22 Crossbowman
Nostradamus
0:28 Loom
15:18 Feudal Age
22:57 Castle Age
21:33 Double-Bit Axe
21:32 Horse Collar
21:47 Gold Mining
23:05 Stone Mining
23:59 Bow Saw
24:27 Wheelbarrow
25:49 Caravan
29:54 Hand Cart
32:28 Gold Shaft Mining
32:30 Stone Shaft Mining
38:44 Imperial Age
37:12 Husbandry
37:16 Squires
36:36 Pikeman
37:28 Thumb Ring
36:44 Crossbowman
37:50 Parthian Tactics
37:42 Forging
37:23 Fletching
37:34 Padded Archer Armor
37:39 Scale Barding Armor
37:35 Scale Mail Armor
38:36 Kamandaran
38:02 Elite Skirmisher
39:20 Iron Casting
40:52 Leather Archer Armor
40:33 Bodkin Arrow
40:59 Chain Barding Armor
41:44 Chemistry
40:55 Masonry
40:36 Heated Shot
41:06 Ballistics
40:43 Murder Holes
40:58 Clinker Construction
40:59 Careening
40:55 Siphons
40:41 Guard Tower
41:05 Citadels
41:41 Conscription
41:27 Heavy Plow
41:52 Sappers
42:58 Hoardings
43:27 Elite War Elephant
44:44 Architecture
44:46 Guilds
45:07 Coinage
44:56 Devotion
45:43 Crop Rotation
46:20 Blast Furnace
45:53 Ring Archer Armor
47:17 Chain Mail Armor
49:02 Plate Mail Armor
49:38 Banking
49:42 Arson
49:43 Gambesons
49:19 Man-at-Arms
50:22 Cavalier
54:27 Plate Barding Armor
55:53 Savar
m.rionegro
0:30 Loom
21:23 Feudal Age
24:25 Double-Bit Axe
24:22 Horse Collar
31:07 Fishing Lines
31:24 Gold Mining
33:13 Stone Mining
35:29 Castle Age
36:10 Wheelbarrow
35:21 Town Watch
37:47 Gillnets
39:50 Bow Saw
40:44 Fortified Wall
40:30 Murder Holes
40:26 Heated Shot
40:16 Treadmill Crane
40:43 Siphons
40:52 Careening
40:48 Caravan
41:48 Stone Shaft Mining
42:06 Gold Shaft Mining
42:53 Town Patrol
43:24 Scale Barding Armor
43:20 Scale Mail Armor
43:30 Forging
43:11 Fletching
43:34 Heavy Plow
44:37 Chain Barding Armor
48:12 Imperial Age
47:02 Husbandry
46:23 Light Cavalry
46:26 Elite Skirmisher
46:26 Crossbowman
47:12 Thumb Ring
46:31 Pikeman
47:11 Squires
46:57 Arson
46:58 Gambesons
46:33 Man-at-Arms
47:13 Bodkin Arrow
47:54 Iron Casting
47:34 Chain Mail Armor
47:42 Ballistics
47:35 Masonry
47:36 Clinker Construction
48:26 Hand Cart
50:03 Conscription
50:04 Shinkichon
49:45 Eupseong
49:08 Arbalester
49:09 Heavy Cavalry Archer
49:12 Halberdier
50:58 Chemistry
52:27 Architecture
52:02 Siege Engineers
52:18 Dry Dock
52:20 Carvel Hull
51:36 Heavy Rocket Cart
56:40 Plate Mail Armor
56:10 Bracer
55:35 Elite Fire Lancer
55:37 Long Swordsman
55:43 Hussar
55:44 Cavalier
Connection lost

Rejoining the realm…

Still unreachable

The connection could not be restored.

Session expired

The server has moved on; the page needs a fresh start.